 Dungeon Crawl Stone Soup version 0.20.1-1-g8b1a95d (webtiles) character file.

95 CephaliChill the Poker (level 4, -1/35 HPs)
             Began as a Mummy Fighter on Nov 13, 2017.
             Slain by Grinder (8 damage)
             ... while paralysed by Grinder
             ... on level 3 of the Dungeon.
             The game lasted 00:02:39 (1728 turns).

CephaliChill the Poker (Mummy Fighter)              Turns: 1728, Time: 00:02:39

Health: -1/35      AC:  8    Str: 20    XL:     4   Next: 39%
Magic:  4/4        EV:  2    Int:  7    God:
Gold:   96         SH:  0    Dex: 11    Spells: 3/3 levels left

rFire    . . .     SeeInvis .   a - +0 trident
rCold    . . .     Gourm    .   c - +0 shield
rNeg     + + +     Faith    .   b - +0 scale mail
rPois    ∞         Spirit   .   (no helmet)
rElec    .         Reflect  .   (no cloak)
rCorr    .         Harm     .   d - +0 pair of gloves
MR       .....                  m - +0 pair of boots
Stlth    ..........             (no amulet)
Regen    0.2/turn               h - ring of fire
MPRegen  0.1/turn               (no ring)

@: paralysed
A: no food or potions, fire vulnerability, cold resistance 1, negative energy
resistance 3, torment resistance, unbreathing
a: no special abilities


You were on level 3 of the Dungeon.
You were not hungry.

You visited 1 branch of the dungeon, and saw 3 of its levels.

You collected 96 gold pieces.

Inventory:

Hand Weapons
 a - a +0 trident (weapon)
Armour
 b - a +0 scale mail (worn)
 c - a +0 shield (worn)
 d - a +0 pair of gloves (worn)
 m - a +0 pair of boots (worn)
Jewellery
 h - a ring of fire (left hand)
Scrolls
 e - 3 scrolls of identify {unknown}
 f - a scroll of remove curse {unknown}
 g - 2 scrolls of immolation {unknown}
 i - a scroll of random uselessness {unknown}
 j - 2 scrolls of enchant armour {unknown}
 k - a scroll of enchant weapon {unknown}
 l - a scroll of magic mapping {unknown}


   Skills:
 - Level 3.0 Fighting
 + Level 3.9 Polearms
 - Level 2.4 Armour
 - Level 2.4 Shields


You had 3 spell levels left.
You didn't know any spells.

Dungeon Overview and Level Annotations

Branches:
Dungeon (3/15)

Altars:

Annotations:
D:3 Grinder


Innate Abilities, Weirdness & Mutations

You do not eat or drink.
Your flesh is vulnerable to fire.
You are immune to poison.
Your flesh is cold resistant. (rC+)
You are immune to negative energy. (rN+++)
You are immune to unholy pain and torment.
You can survive without breathing.


Message History

You block Grinder's attack.
You puncture Robin!
You kill Robin!
The goblin no longer looks unusually strong.
You block the goblin's attack. Grinder gestures at you.
You suddenly lose the ability to move!
The goblin hits you with a dagger of speed.
The goblin no longer looks unusually strong.
The hobgoblin no longer looks unusually strong.
The goblin hits you with a club.
* * * LOW HITPOINT WARNING * * *
Grinder gestures at you. You resist with significant effort.
The goblin hits you with a dagger of speed.
* * * LOW HITPOINT WARNING * * *
The goblin hits you but does no damage. The goblin hits you with a club.
* * * LOW HITPOINT WARNING * * *
Grinder hits you!
You die...

#.###########
#ggggg@g#...#
#.#####5#.#.# #.#.#.#
#####.#.#.#
#.....#.#.#######
#.#####.#.......#
#.#####.##.####.#
#..........####.#####
#...................#


You could see Grinder, a hobgoblin and 5 goblins.

Vanquished Creatures
  Robin (D:3)
  4 adders
  A worm (D:2)
  6 bats
  5 giant cockroaches
  7 goblins
  2 hobgoblins
  3 jackals (D:1)
  A quokka (D:2)
  3 frilled lizards
  7 kobolds
  5 rats
45 creatures vanquished.

Notes
Turn   | Place    | Note
-------+----------+-------------------------------------------
     0 | D:1      | CephaliChill the Mummy Fighter began the quest for the Orb.
     0 | D:1      | Reached XP level 1. HP: 18/18 MP: 1/1
   244 | D:1      | Reached XP level 2. HP: 24/24 MP: 2/2
   620 | D:2      | Reached XP level 3. HP: 18/29 MP: 3/3
  1571 | D:3      | Reached XP level 4. HP: 33/35 MP: 4/4
  1683 | D:3      | Noticed Grinder
  1686 | D:3      | Paralysed by Grinder for 3 turns
  1713 | D:3      | Noticed Robin
  1726 | D:3      | Killed Robin
  1726 | D:3      | Paralysed by Grinder for 5 turns
  1728 | D:3      | Slain by Grinder

Skill      XL: |  1  2 |
---------------+-------+-----
Polearms       | 2 3 |  3.9
Fighting       | |  3.0
Armour         | |  2.4
Shields        | |  2.4

Action                   |  1- 3 |  4- 6 || total
-------------------------+-------+-------++-------
Melee: Trident           |   170 |    45 ||   215
Armor: Scale mail        |    68 |    26 ||    94
Dodge: Dodged            |    37 |    10 ||    47
Block: Shield            |    65 |    23 ||    88
